 Dungeon Crawl Stone Soup version 0.28-a0-1613-gdaab1c2f9b (webtiles) character file.

Game seed: 7703819636843618790

215 hashsling the Insei (level 5, -5/44 HPs)
             Began as a Draconian Transmuter on Jan 21, 2022.
             Slain by a kobold brigand (6 damage)
             ... in a sewer.
             The game lasted 00:07:26 (2384 turns).

hashsling the Insei (Draconian Transmuter)          Turns: 2384, Time: 00:07:27

Health: -5/44      AC:  5    Str: 12    XL:     5   Next: 60%
Magic:  8/9        EV: 12    Int: 13    God:
Gold:   33         SH:  0    Dex: 14    Spells: 3/9 levels left

rFire   . . .      SeeInvis .     - Unarmed
rCold   . . .      Faith    .   (no shield)
rNeg    . . .      Spirit   .   (armour unavailable)
rPois   .          Reflect  .   (helmet restricted)
rElec   .          Harm     .   (no cloak)
rCorr   .          Rampage  .   (no gloves)
Will    .....                   (no boots)
Stlth   +.........              (no amulet)
HPRegen 0.14/turn               (no ring)
MPRegen 0.11/turn               (no ring)

@: wereblooded (expiring)
A: AC +5, unfitting armour, cold-blooded
a: no special abilities


You were in a sewer.
You visited 1 branch of the dungeon, and saw 3 of its levels.
You also visited: Sewer.

You collected 33 gold pieces.

Inventory:

Scrolls
 a - 4 scrolls of identify {unknown}
 c - a scroll of teleportation {unknown}
 e - a scroll of enchant armour {unknown}
 f - a scroll of amnesia {unknown}
Potions
 b - a potion of heal wounds {unknown}
 d - 2 potions of mutation {unknown}
 g - a potion of degeneration {unknown}
 h - a potion of attraction {unknown}


   Skills:
 + Level 2.8 Fighting
 + Level 2.8 Dodging
 + Level 3.9 Unarmed Combat
 + Level 2.9 Spellcasting
 + Level 3.1 Transmutations


You had 3 spell levels left.
You knew the following spells:

 Your Spells              Type           Power      Damage    Failure   Level
a - Beastly Appendage     Tmut           20%        N/A       6%          1
b - Wereblood             Tmut           10%        N/A       10%         2
c - Spider Form           Tmut/Pois      6%         N/A       36%         3

Your spell library contained the following spells:

 Spells                   Type           Power      Damage    Failure   Level
 Ice Form                 Ice/Tmut       6%         N/A       77%         4


Dungeon Overview and Level Annotations

Branches:
Dungeon (3/15)              Sewer (1/1)

Altars:


Innate Abilities, Weirdness & Mutations

Your plain brown scales are hard. (AC +5)
You cannot fit into any form of body armour.
You are cold-blooded and may be slowed by cold attacks.


Message History

The kobold brigand is almost dead.
The kobold brigand hits you with a +0 short sword!
You miss the kobold brigand. Your kick misses the kobold brigand.
You headbutt the kobold brigand.
You tail-slap the kobold brigand, but do no damage.
Your punch misses the kobold brigand.
The kobold brigand is almost dead.
The kobold brigand splashes around in the water.
The kobold brigand hits you but does no damage.
You hit the kobold brigand.
You feel a bit better.
You kill the kobold brigand!
You hear a splash. x2
The kobold brigand hits you with a +0 short sword!
* * * LOW HITPOINT WARNING * * *
Your Transmutations skill increases to level 3!
You hit the kobold brigand. You tail-slap the kobold brigand.
The kobold brigand is moderately wounded.
You miss the kobold brigand.
You tail-slap the kobold brigand, but do no damage.
The kobold brigand is moderately wounded.
The kobold brigand splashes around in the water.
You hit the kobold brigand. Your kick misses the kobold brigand.
You headbutt the kobold brigand.
Your tail-slap misses the kobold brigand.
The kobold brigand is severely wounded.
Your horns disappear.
Your talons disappear.
Your primal bloodlust is almost over.
The kobold brigand hits you with a +0 short sword.
* * * LOW HITPOINT WARNING * * *
You hit the kobold brigand.
The kobold brigand is almost dead.
The kobold brigand hits you with a +0 short sword.
* * * LOW HITPOINT WARNING * * *
You closely miss the kobold brigand.
The kobold brigand is almost dead.
The kobold brigand splashes around in the water.
You closely miss the kobold brigand.
The kobold brigand is almost dead.
The kobold brigand hits you with a +0 short sword.
You die...

### #∩# ############ #
###.###.......≈..# .##
###.....≈.≈.≈≈≈≈≈..#...#
≈≈≈≈≈≈≈≈≈≈≈≈≈≈≈≈≈≈.#...
≈≈≈≈≈≈≈≈≈≈≈≈≈≈≈≈≈≈.....
≈≈≈≈≈≈≈≈≈≈≈≈≈≈≈≈≈≈≈#
###......≈≈.≈≈†≈))≈#
#######≈≈≈.≈≈.@K.#
##≈######### #≈# #≈# #≈#
#≈# #≈# #≈# #≈#


You could see a kobold brigand.

Vanquished Creatures
  A kobold brigand (Sewer)
  An iguana (D:3)
  3 adders
  A river rat (Sewer)
  2 worms (D:2)
  2 dart slugs
  5 ball pythons
  2 endoplasms
  3 giant cockroaches (D:3)
  3 hobgoblins
  11 jackals
  3 quokkas
  5 bats
  A frilled lizard (D:1)
  10 goblins
  6 kobolds
  11 rats
70 creatures vanquished.

Vanquished Creatures (others)
  A plant (D:2)
1 creature vanquished.

Grand Total: 71 creatures vanquished

Notes
Turn   | Place    | Note
-------+----------+-------------------------------------------
     0 | D:1      | hashsling the Draconian Transmuter began the quest for the
                  | Orb.
     0 | D:1      | Reached XP level 1. HP: 16/16 MP: 3/3
   200 | D:1      | Reached XP level 2. HP: 21/23 MP: 1/5
   208 | D:1      | Learned a level 2 spell: Wereblood
  1074 | D:2      | Reached XP level 3. HP: 29/29 MP: 3/6
  1601 | D:2      | Learned a level 3 spell: Spider Form
  1765 | D:2      | Reached XP level 4. HP: 33/36 MP: 7/7
  1959 | D:3      | Found a faded altar of an unknown god.
  2178 | D:3      | Found a glowing drain.
  2196 | Sewer    | Entered a sewer
  2207 | Sewer    | Reached XP level 5. HP: 36/42 MP: 6/9
  2382 | Sewer    | HP: 1/44 [kobold brigand (4)]
  2384 | Sewer    | Slain by a kobold brigand

Illustrated notes

Levels and vault maps discovered:
D:1:      dpeg_arrival_stonehenge_8_columns, layout_basic, nrook_loot_triangle
D:2:      layout_rooms, serial_bayou_pond_d
D:3:      layout_basic, mainiacjoe_overflow_catwalk,
          shapermc_ecumenical_altar_totnotflames, portal_sewer_entry_b
Sewer:    sewer_kobolds

Skill      XL: |  1  2  3  4  5 |
---------------+----------------+-----
Dodging        | 2 |  2.8
Fighting       | 2 |  2.8
Transmutations | 3 |  3.1
Unarmed Combat | |  3.9
Spellcasting   | |  2.9

Action                   |  1- 3 |  4- 6 || total
-------------------------+-------+-------++-------
Melee: Unarmed           |    93 |    92 ||   185
       Kick              |    23 |    25 ||    48
       Headbutt          |    14 |    10 ||    24
       Tailslap          |     4 |     8 ||    12
       Punch             |     2 |       ||     2
 Cast: Beastly Appendage |    28 |    12 ||    40
       Wereblood         |       |     4 ||     4
Armor: Skin              |    31 |    32 ||    63
Dodge: Dodged            |    48 |    40 ||    88

Table legend: (Time is in decaauts)
 A = Elapsed time spent in this place.
 B = Non-inter-level travel time spent in this place.
 C = Inter-level travel time spent in this place.
 D = Time resting spent in this place.
 E = Time spent auto-exploring this place.
 F = Levels seen in this place.
 G = Mean time per level.
                   A        B        C        D        E       F      G
               +--------+--------+--------+--------+--------+-----+--------+
         Total |   2403 |   2331 |     72 |    118 |   1638 |   4 |  600.8 |
       Dungeon |   2193 |   2121 |     72 |    118 |   1495 |   3 |  731.0 |
         Sewer |    210 |    210 |      0 |      0 |    143 |   1 |  210.0 |
               +--------+--------+--------+--------+--------+-----+--------+

Top non-repeatable levels by time:
     D:1: 1135 daAuts
     D:2: 805 daAuts
     D:3: 252 daAuts
   Sewer: 210 daAuts
